 Dungeon Crawl Stone Soup version 0.20.1-1-g8b1a95d (webtiles) character file.

44 Nattfarinn the Sneak (level 3, -8/23 HPs)
             Began as an Octopode Enchanter on Aug 2, 2017.
             Mangled by a worm (12 damage)
             ... on level 2 of the Dungeon.
             The game lasted 00:02:51 (1601 turns).

Nattfarinn the Sneak (Octopode Enchanter)           Turns: 1601, Time: 00:02:51

Health: -8/23      AC:  1    Str:  7    XL:     3   Next: 62%
Magic:  6/6        EV: 13    Int: 18    God:
Gold:   90         SH:  0    Dex: 12    Spells: 5/6 levels left

rFire    . . .     SeeInvis .   a - +1 dagger
rCold    . . .     Gourm    .   (no shield)
rNeg     . . .     Faith    .   (helmet restricted)
rPois    .         Spirit   .   (no amulet)
rElec    .         Reflect  .   (no ring)
rCorr    .         Harm     .   (no ring)
MR       .....                  (no ring)
Stlth    ++++......             (no ring)
Regen    0.1/turn               (no ring)
MPRegen  0.1/turn               (no ring)
                                (no ring)
                                (no ring)

@: no status effects
A: almost no armour, stealthy swim, amphibious, 8 rings, constrict 8, camouflage
1, gelatinous body 1
a: no special abilities


You were on level 2 of the Dungeon.
You were very hungry.

You visited 1 branch of the dungeon, and saw 2 of its levels.

You collected 90 gold pieces.

Inventory:

Hand Weapons
 a - a +1 dagger (weapon)
Scrolls
 d - 2 scrolls of teleportation {unknown}
 e - a scroll of enchant armour {unknown}
 g - a scroll of immolation {unknown}
Books
 b - a book of Maledictions

   Spells                             Type                      Level
   a - Corona                         Hexes                        1
   b - Ensorcelled Hibernation        Hexes/Ice                    2
   c - Confuse                        Hexes                        3
   d - Tukima's Dance                 Hexes                        3
   e - Dazzling Spray                 Conjuration/Hexes            3
Comestibles
 c - 2 bread rations
 f - a meat ration


   Skills:
 * Level 1.2 Fighting
 + Level 1.3 Short Blades
 + Level 2.2 Dodging
 * Level 4.7 Stealth
 - Level 2.0 Spellcasting
 * Level 3.5 Hexes


You had 5 spell levels left.
You knew the following spells:

 Your Spells              Type           Power        Failure   Level  Hunger
a - Corona                Hex            ##.....      4%          1    #......


Dungeon Overview and Level Annotations

Branches:
Dungeon (2/15)

Altars:


Innate Abilities, Weirdness & Mutations

You cannot wear most types of armour.
You are very stealthy in the water. (Stealth+)
You are amphibious.
You can wear up to eight rings at the same time.
You can use your tentacles to constrict eight enemies at once.
Your skin changes colour to match your surroundings (Stealth+).
Your rubbery body absorbs attacks. (AC +1, EV +1)


Message History

You barely miss the jackal.
The jackal is heavily wounded.
You constrict the jackal, but do no damage.
The jackal bites you.
* * * LOW HITPOINT WARNING * * *
The jackal barely misses you.
You hit the jackal but do no damage.
The jackal is heavily wounded.
You constrict the jackal, but do no damage.
The jackal closely misses you.
You hit the jackal.
You kill the jackal!
You hit the worm. You grab the worm. You squeeze the worm.
The worm is lightly wounded.
You constrict the worm. You hit the worm. You squeeze the worm.
The worm is heavily wounded.
You constrict the worm. The worm bites you!
Ouch! That really hurt!
You die...

##### #.#<###
#.....# ##########
#.#.#.#
#........####.#.#.#
#...♣....w@...#.#+#
####..♣.♣...####.#..
.....♣._.♣..# #.#..
......♣.♣...# #.##..
.......♣...## #.# .(
...........# ..#
.........### ###
.........#
..........


You could see a worm.

Vanquished Creatures
  A dart slug (D:1)
  4 bats (D:1)
  A giant cockroach (D:1)
  4 goblins (D:1)
  2 hobgoblins (D:1)
  15 jackals
  A ball python (D:1)
  2 frilled lizards (D:1)
  3 kobolds (D:1)
  5 rats (D:1)
38 creatures vanquished.

Notes
Turn   | Place    | Note
-------+----------+-------------------------------------------
     0 | D:1      | Nattfarinn the Octopode Enchanter began the quest for the Orb.
     0 | D:1      | Reached XP level 1. HP: 11/11 MP: 3/3
   124 | D:1      | Reached XP level 2. HP: 8/18 MP: 5/5
   761 | D:1      | Reached skill level 1 in Fighting
   778 | D:1      | Reached XP level 3. HP: 16/23 MP: 6/6
  1571 | D:2      | Found a faded altar of an unknown god.
  1601 | D:2      | Mangled by a worm

Skill      XL: |  1  2 |
---------------+-------+-----
Fighting       | 1 |  1.2
Short Blades   | |  1.3
Dodging        | |  2.2
Stealth        | |  4.7
Spellcasting   | |  2.0
Hexes          | |  3.5

Action                   || total
-------------------------++-------
Melee: Dagger            ||   103
       Constrict         ||    26
       Tentacles         ||    10
  Use: Potion            ||     2
 Stab: Sleeping          ||     7
       Invisible         ||     1
  Eat: Chunk             ||     1
Armor: Skin              ||     4
Dodge: Dodged            ||    70
